 Dungeon Crawl Stone Soup version 0.23-a0-49-gd9f7a49 (webtiles) character file.

5 Firecrotchwizard the Cudgeler (level 1, -3/20 HPs)
             Began as a Minotaur Berserker on Aug 6, 2018.
             Was a Follower of Trog.
             Slain by a gnoll
             ... wielding a +0 club
              (7 damage)
             ... on level 1 of the Dungeon.
             The game lasted 00:01:11 (240 turns).

Firecrotchwizard the Cudgeler (Minotaur Berserker)   Turns: 240, Time: 00:01:12

Health: -3/20      AC:  2    Str: 21    XL:     1   Next: 66%
Magic:  0/0        EV: 12    Int:  4    God:    Trog [*.....]
Gold:   21         SH:  0    Dex:  9    Spells: 0/0 levels left

rFire    . . .     SeeInvis .   a - +0 mace
rCold    . . .     Gourm    .   (no shield)
rNeg     . . .     Faith    .   b - +0 animal skin
rPois    .         Spirit   .   (helmet restricted)
rElec    .         Reflect  .   (no cloak)
rCorr    .         Harm     .   (no gloves)
MR       .....                  (no boots)
Stlth    +.........             (no amulet)
HPRegen  0.06/turn              (no ring)
MPRegen  0.07/turn              (no ring)

@: no status effects
A: retaliatory headbutt, horns 2
a: Berserk, Renounce Religion


You were on level 1 of the Dungeon.
You worshipped Trog.
Trog was aware of your devotion.
You were not hungry.

You visited 1 branch of the dungeon, and saw 1 of its levels.

You collected 21 gold pieces.

Inventory:

Hand Weapons
 a - a +0 mace (weapon)
Armour
 b - a +0 animal skin (worn)
Scrolls
 d - a scroll of amnesia {unknown}
Potions
 e - a potion of lignification {unknown}
Comestibles
 c - a ration {@e1}
 f - 2 chunks of flesh {@w0}


   Skills:
 + Level 3.7 Fighting
 * Level 3.9 Maces & Flails
 - Level 2.4 Armour
 + Level 2.3 Dodging


You couldn't memorise any spells.
You didn't know any spells.
Your spell library was empty.

Dungeon Overview and Level Annotations

Branches:
Dungeon (1/15)

Altars:


Innate Abilities, Weirdness & Mutations

You reflexively headbutt those who attack you in melee.
You have a pair of horns on your head.


Message History

A rat comes into view.
The rat moves out of view.
The rat is too close now for your liking.
A rat is nearby!
You barely miss the rat. You headbutt the rat, but do no damage.
The rat twitches its whiskers.
The rat completely misses you.
You hit the rat but do no damage. Your headbutt misses the rat.
The rat closely misses you.
You closely miss the rat. The rat bites you.
You take 1 damage, and have 18/19 hp.
You barely miss the rat. The rat barely misses you.
You hit the rat.
You kill the rat!
Trog accepts your kill.
No target in view!
d - a scroll labeled ZAEFEGOPNO Health restored: 19 A dart slug comes into view.
The dart slug moves out of view.
The dart slug is too close now for your liking.
The dart slug launches a dart at you. The slug dart hits you!
You take 1 damage, and have 18/19 hp.
You hit the dart slug but do no damage.
You headbutt the dart slug, but do no damage.
The dart slug launches a dart at you. The slug dart misses you.
You thump the dart slug!
You kill the dart slug!
Trog accepts your kill.
No target in view!
No target in view!
You butcher the dart slug corpse.
f - 2 chunks of flesh {@w0} You now have 11 gold pieces.
You now have 19 gold pieces (gained 8).
A rat comes into view.
Health restored: 20 The rat bites you but does no damage.
You hit the rat.
You kill the rat!
Trog accepts your kill.
No target in view!
A kobold comes into view. It is wielding a dagger.
The kobold shouts!
The kobold throws a stone.
The stone closely misses you.
The kobold throws a stone.
The stone hits you but does no damage.
You see here a stone.
The kobold throws a stone.
The stone misses you.
You hit the kobold. Your headbutt misses the kobold.
The kobold barely misses you. You furiously retaliate!
You headbutt the kobold!
You kill the kobold!
Trog accepts your kill.
No target in view!
No target in view!
No target in view!
You see here a stone.
You open the door.
Found an escape hatch in the floor.
No target in view!
There is an open door here.
You now have 21 gold pieces (gained 2).
There is an escape hatch in the floor here.
You open the door.
There is an open door here.
A frilled lizard comes into view.
The frilled lizard hisses angrily.
You miss the frilled lizard. The frilled lizard bites you. x2
You take 3 damage, and have 17/20 hp.
You hit the frilled lizard.
You kill the frilled lizard!
Trog accepts your kill.
No target in view!
e - a brown potion Health restored: 20
Found a stone staircase leading down.
A gnoll comes into view. It is wielding a club.
The gnoll shouts!
A gnoll is nearby!
A hobgoblin comes into view. It is wielding a club.
The gnoll barely misses you.
You completely miss the gnoll.
The hobgoblin shouts!
The gnoll closely misses you. You furiously retaliate!
You headbutt the gnoll.
A bat comes into view.
You hit the gnoll. The gnoll hits you with a club!
You take 8 damage, and have 12/20 hp.
MASSIVE DAMAGE!!
The bat hits you but does no damage. The gnoll hits you but does no damage.
You miss the bat. Your headbutt misses the bat. The bat barely misses you.
The bat hits you but does no damage. The gnoll hits you with a club.
You take 2 damage, and have 10/20 hp.
The bat misses you. The hobgoblin closely misses you.
The bat barely misses you. The bat hits you.
You take 1 damage, and have 9/20 hp.
The bat hits you but does no damage. The hobgoblin hits you with a club.
* * * LOW HITPOINT WARNING * * *
The gnoll hits you with a club!
You die...

#.#'....# #.#....#
#.#...# #.#..#
##....####. #
##..........
#.#......#
#.##.#bg.#..# #..
#.....@g....# #..#
####.#.>.#..# #..#
...#...#..###..# ###
#...........#
###.#.#####.# #.#.#
#.###### #######.#.#
#.......
#.......#.#####.######
#.#####.#.#.........##


You could see a gnoll, a hobgoblin and a bat.

Vanquished Creatures
  A dart slug (D:1)
  A frilled lizard (D:1)
  A kobold (D:1)
  2 rats (D:1)
5 creatures vanquished.

Notes
Turn   | Place    | Note
-------+----------+-------------------------------------------
     0 | D:1      | Firecrotchwizard the Minotaur Berserker began the quest for the Orb.
     0 | D:1      | Reached XP level 1. HP: 19/19 MP: 0/0
   240 | D:1      | HP: 4/20 [hobgoblin/club (5)]
   240 | D:1      | Slain by a gnoll

Vault maps used:
D:1:      dpeg_arrival_boxes_within_box, minivault_26, hex_tiny

Action                   || total
-------------------------++-------
Melee: Mace              ||    14
       Headbutt          ||     2
Armor: Animal skin       ||     5
Dodge: Dodged            ||    13

Table legend:
 A = Spawn XP
 B = Non-spawn XP
 C = Spawn XP percentage of total XP
 D = Spawn monster count
 E = Non-spawn monster count
 F = Spawn count percentage of total count
 G = Total turns spent on level
                    A         B        C        D         E        F      G
               +---------+---------+-------+---------+---------+-------+---------
         Total |       0 |       8 |   0.0 |       0 |       5 |   0.0 |   240
               +---------+---------+-------+---------+---------+-------+---------
           D:1 |       0 |       8 |   0.0 |       0 |       5 |   0.0 |   240
               +---------+---------+-------+---------+---------+-------+---------

Vault maps used:
D:1:      dpeg_arrival_boxes_within_box, minivault_26, hex_tiny

Table legend:
 A = Turns spent in this place as a percentage of turns spent in the entire game.
 B = Non-inter-level travel turns spent in this place as a percentage of non-inter-level travel turns spent in the entire game.
 C = Inter-level travel turns spent in this place as a percentage of turns spent in this place.
 D = Turns resting spent in this place as a percentage of non-inter-level travel turns spent in this place.
 E = Turns spent auto-exploring this place as a percentage of non-inter-level travel turns spent in this place.
 F = Non-inter-level travel turns spent in this place divided by the number of levels of this place that you've seen.
                   A       B       C       D       E      F
               +-------+-------+-------+-------+-------+----------------------
         Total | 100.0 | 100.0 |   0.0 |   0.0 |  82.1 | 240.0
       Dungeon | 100.0 | 100.0 |   0.0 |   0.0 |  82.1 | 240.0
               +-------+-------+-------+-------+-------+----------------------

Table legend:
 A = Kills in this place as a percentage of kills in entire the game.
 B = Kills by you in this place as a percentage of kills by you in the entire game.
 C = Kills by friends in this place as a percentage of kills by friends in the entire game.
 D = Other kills in this place as a percentage of other kills in the entire game.
 E = Experience gained in this place as a percentage of experience gained in the entire game.
 F = Experience gained in this place divided by the number of levels of this place that you have seen.
                   A       B       C       D       E      F
               +-------+-------+-------+-------+-------+----------------------
         Total | 100.0 | 100.0 |   N/A |   N/A | 100.0 |   8.0
       Dungeon | 100.0 | 100.0 |   N/A |   N/A | 100.0 |   8.0
               +-------+-------+-------+-------+-------+----------------------
